 Dungeon Crawl Stone Soup version 0.18-a0-1171-ga8e22e7 (webtiles) character file.

338 st0uf the Ruffian (level 6, 0/48 HPs)
             Began as a Draconian Transmuter on Jan 26, 2016.
             Was an Initiate of Ashenzari.
             Slain by a giant cockroach (2 damage)
             ... on level 4 of the Dungeon.
             The game lasted 00:20:22 (4267 turns).

st0uf the Ruffian (Draconian Transmuter)            Turns: 4267, Time: 00:20:23

Health: 0/48       AC:  2    Str: 12    XL:     6   Next: 29%
Magic:  0/10       EV: 20    Int: 16    God:    Ashenzari [......]
Gold:   244        SH:  0    Dex: 16    Spells: 3 memorised, 5 levels left

rFire  . . .     SeeInvis .       - Unarmed
rCold  . . .     Gourm    .     (armour unavailable)
rNeg   + . .     Faith    .     (shield currently unavailable)
rPois  .         Spirit   .     (helmet currently unavailable)
rElec  .         Dismiss  .     (cloak currently unavailable)
rCorr  .         Reflect  .     (gloves currently unavailable)
SustAt .         Harm     .     (boots currently unavailable)
MR     .....                    (no amulet)
Stlth  ++........               s - ring of positive energy
                                u - ring of poison resistance

@: spider-form (expiring), very slightly contaminated, invisible, not resistant
to hostile enchantments, unstealthy
A: unfitting armour, (cold-blooded), AC +6
a: End Transformation, Renounce Religion


You were on level 4 of the Dungeon.
You worshipped Ashenzari.
Ashenzari was noncommittal.
You were near starving.
You were a venomous arachnid creature.
You visited 1 branch of the dungeon, and saw 4 of its levels.

You collected 244 gold pieces.

Inventory:

Missiles
 a - 31 arrows
 k - 36 poisoned needles
Armour
 y - a +0 cloak (melded)
Jewellery
 m - an uncursed ring of ice
 s - a ring of positive energy (right front leg)
 u - a ring of poison resistance (left front leg)
 w - an uncursed amulet of magic regeneration
Scrolls
 e - 3 scrolls of remove curse
 g - 5 scrolls of blinking {unknown}
 i - 7 scrolls of identify {unknown}
 l - 2 scrolls of noise {unknown}
 n - 2 scrolls of magic mapping {unknown}
 o - 2 scrolls of enchant armour {unknown}
 r - 3 scrolls of enchant weapon {unknown}
 v - a scroll of teleportation {unknown}
Potions
 f - a potion of ambrosia {unknown}
 j - a potion of invisibility
 q - 2 potions of cancellation {unknown}
 t - a potion of might {unknown}
 x - a potion of cure mutation {unknown}
Books
 b - a book of Changes

   Spells                             Type                      Level
   a - Beastly Appendage              Transmutation                1
   b - Sticks to Snakes               Transmutation                2
   c - Spider Form                    Transmutation/Poison         3
   d - Ice Form                       Ice/Transmutation            4
   e - Blade Hands                    Transmutation                5
Comestibles
 c - 4 bread rations
 d - 2 beef jerkies
 h - a royal jelly
 p - a meat ration
 z - a slice of pizza


   Skills:
 + Level 2.2 Fighting
 + Level 2.9 Dodging
 + Level 0.6 Stealth
 * Level 4.2 Unarmed Combat
 + Level 3.3 Spellcasting
 * Level 3.9 Transmutations


You had 5 spell levels left.
You knew the following spells:

 Your Spells              Type           Power        Failure   Level  Hunger
a - Beastly Appendage     Trmt           ###...       14%         1    None
b - Sticks to Snakes      Trmt           ###.....     21%         2    ##.....
c - Spider Form           Trmt/Pois      #.........   50%         3    ###....


Dungeon Overview and Level Annotations

Branches:
Dungeon (4/15)
 Temple: D:4-7

Altars:
Ashenzari
Fedhas
Gozag
Trog

Annotations:
D:4 Grinder


Innate Abilities, Weirdness & Mutations

((Your plain brown scales are hard (AC +6).))
Your body does not fit into most forms of armour.
((You are cold-blooded and may be slowed by cold attacks.))


Message History

You are very lightly contaminated with residual magic.
Waves of light ripple over your body. The giant cockroach closely misses you.
Grinder says, "Tell me all your secrets, or I'll kill you."
Grinder hits you.
Casting: Sticks to Snakes
Confirm with . or Enter, or press ? or * to list all spells.
You create a snake!
You now have 31 arrows.
The giant cockroach completely misses you.
Grinder gestures at you. Pain shoots through your body!
* * * LOW HITPOINT WARNING * * *
The giant cockroach barely misses you.
Drink which item? (? for menu, Esc to quit)
It was a potion of invisibility.
You fade into invisibility!
The giant cockroach misses you. Grinder closely misses you.
You hit Grinder.
Grinder is severely wounded.
Your adder barely misses Grinder.
The giant cockroach bites you.
You die...

###### ##### #....# #....
.#####....##########....
.......s?..........#.... ...
#.#####.sS.########.#....
......#.# #.5..# #......
......#.# #....# ##.....
.[....#.# #....# #.....
.....#.# #....# #.....
#.....###################.###
#...........W.............. #
#...[....5..###########..##
####.#.#....<....# ##.##


You could see Grinder, a giant cockroach and a friendly adder.

Vanquished Creatures
  The ghost of st0uf the Ruffian, an amateur DrTm of Vehumet (D:3)
  A scorpion (D:4)
  2 adders (D:3)
  An ooze (D:4)
  A worm (D:2)
  3 giant geckos
  A ball python (D:1)
  8 giant cockroaches
  8 goblins
  11 hobgoblins
  8 jackals (D:3)
  4 kobolds
  2 quokkas
  9 bats
  3 giant newts
  4 rats
67 creatures vanquished.

Vanquished Creatures (collateral kills)
  An ogre (D:3)
  2 adders
3 creatures vanquished.

Grand Total: 70 creatures vanquished

Notes
Turn   | Place    | Note
--------------------------------------------------------------
     0 | D:1      | st0uf the Draconian Transmuter began the quest for the Orb.
     0 | D:1      | Reached XP level 1. HP: 16/16 MP: 3/3
   172 | D:1      | Reached XP level 2. HP: 23/23 MP: 3/5
   549 | D:1      | Learned a level 2 spell: Sticks to Snakes
   912 | D:2      | Reached XP level 3. HP: 28/28 MP: 6/6
  1335 | D:2      | Found a shattered altar of Ashenzari.
  1412 | D:2      | Became a worshipper of Ashenzari the Shackled
  1555 | D:2      | Found a bloodstained altar of Trog.
  1566 | D:2      | Found a blossoming altar of Fedhas.
  1702 | D:2      | Learned a level 3 spell: Spider Form
  2185 | D:3      | Noticed st0uf's ghost (amateur DrTm)
  2641 | D:3      | Killed st0uf's ghost
  2641 | D:3      | Reached XP level 4. HP: 19/36 MP: 1/8
  2641 | D:3      | Reached XP level 5. HP: 21/41 MP: 1/9
  2962 | D:3      | Found a shattered altar of Ashenzari.
  3052 | D:3      | Reached skill level 4 in Unarmed Combat
  3356 | D:3      | Noticed an ogre
  3365 | D:3      | Killed an ogre
  3365 | D:3      | Reached XP level 6. HP: 29/48 MP: 4/10
  3893 | D:4      | Noticed Grinder
  4147 | D:4      | Found an opulent altar of Gozag.
  4265 | D:4      | HP: 2/48 [Grinder/nerve-wracking pain (13)]
  4267 | D:4      | Slain by a giant cockroach

Vault maps used:
D:1:      dpeg_arrival_pits
D:2:      ashenzari_conservatory_becter, old_standard_altar, first_bread,
          fedhas_altar_4
D:3:      ashenzari_altar_1
D:4:      lemuel_crystal_altar, uniq_grinder

Action                   |  1- 3 |  4- 6 || total
-------------------------+-------+-------++-------
Melee: Unarmed           |   179 |   141 ||   320
 Cast: Beastly Appendage |    27 |    10 ||    37
       Sticks to Snakes  |     7 |    13 ||    20
       Spider Form       |       |     3 ||     3
  Use: Potion            |       |     1 ||     1
 Stab: Sleeping          |     2 |       ||     2
       Distracted        |     1 |       ||     1
  Eat: Chunk             |     6 |     6 ||    12
